 Dungeon Sprint DCSS version 0.20.1-1-g8b1a95d (webtiles) character file.

264 potatolord6000 the Magician (level 5, -3/33 HPs)
             Began as a Deep Elf Ice Elementalist on Sept 11, 2017.
             Was a Believer of Sif Muna.
             Hit by a poisoned tomahawk thrown by an orc warrior (21 damage)
             ... in the Dungeon (Sprint VII: "The Pits").
             The game lasted 00:03:47 (521 turns).

potatolord6000 the Magician (DEIE)                   Turns: 521, Time: 00:03:48

Health: -3/33      AC:  2    Str:  5    XL:     5   Next: 98%
Magic:  12/16      EV: 16    Int: 21    God:    Sif Muna [**....]
Gold:   0          SH:  0    Dex: 15    Spells: 17/18 levels left

rFire    . . .     SeeInvis .   p - staff of energy
rCold    . . .     Gourm    .   (no shield)
rNeg     . . .     Faith    .   a - +0 robe
rPois    .         Spirit   .   (no helmet)
rElec    .         Reflect  .   (no cloak)
rCorr    .         Harm     .   (no gloves)
MR       .....     NoTele   +   (no boots)
Stlth    ++++......             (no amulet)
Regen    0.2/turn               (no ring)
MPRegen  0.2/turn               (no ring)

@: no status effects
A: no striking features
a: Divine Energy, Renounce Religion


You were in the Dungeon.
You worshipped Sif Muna.
Sif Muna was pleased with you.
You were not hungry.

You visited 1 branch

Inventory:

Armour
 a - a +0 robe (worn)
Magical Staves
 p - an uncursed staff of energy (weapon)
Scrolls
 i - a scroll of blinking
 k - 3 scrolls of remove curse
 l - 5 scrolls of amnesia
 m - a scroll of summoning
Potions
 d - 4 potions of curing
 e - 5 potions of heal wounds
 g - 4 potions of magic
 h - 2 potions of berserk rage
 j - a potion of invisibility
Books
 b - a book of Frost

   Spells                             Type                      Level
   a - Freeze                         Ice                          1
   b - Throw Frost                    Conjuration/Ice              2
   c - Ozocubu's Armour               Charms/Ice                   3
   d - Throw Icicle                   Conjuration/Ice              4
   e - Summon Ice Beast               Ice/Summoning                4
Comestibles
 c - 8 bread rations
 n - 40 fruits
 o - 7 meat rations


   Skills:
 + Level 3.7 Fighting
 + Level 4.7 Staves
 + Level 6.6 Dodging
 + Level 7.2 Stealth
 + Level 7.3 Spellcasting
   Level 1.1 Conjurations
 + Level 6.5 Ice Magic


You had 17 spell levels left.
You knew the following spells:

 Your Spells              Type           Power        Failure   Level  Hunger
a - Freeze                Ice            ####         1%          1    None


Dungeon Overview and Level Annotations

Branches:
Dungeon (1/1)

Altars:
Ashenzari
Cheibriados
Dithmenos
Elyvilon
Fedhas
Gozag
Hepliaklqana
Kikubaaqudgha
Makhleb
Nemelex Xobeh
Okawaru
Qazlal
Ru
Sif Muna
Trog
Uskayaw
Vehumet
Xom
Yredelemnul
Zin
The Shining One
Beogh
Jiyva
Lugonu

Annotations:
D Jessica


Message History

You can't see any susceptible monsters within range! (Use Z to cast anyway.) Unknown command.
The orc warrior completely misses you. The orc warrior misses you.
The orc warrior throws a poisoned tomahawk.
The poisoned tomahawk closely misses you.
You see here a poisoned tomahawk.
The orc warrior throws a poisoned tomahawk.
The poisoned tomahawk hits you!!
Ouch! That really hurt!
* * * LOW HITPOINT WARNING * * *
You are lethally poisoned!
You see here a poisoned tomahawk.
* * * LOW HITPOINT WARNING * * *
You feel sick.
You feel better.
The orc warrior throws a poisoned tomahawk.
The poisoned tomahawk hits you!!
Ouch! That really hurt!
You die...

############
#_________.#
#_________.#
#__.____...###########+
##########'##..........
#.?(.')))'.##......#..#
##########.##..........
#.o.((@.....'..........
#o#####)#####......#..#
#.#...#)#..##..........
#{#..รท#.#))#####'#####+
#g#...'.#))##.......#
#o##'####))##.......#
#@#.....#[[##.......#
#(#.....#'###...<...#
#(#........##.......#


You could see an orc warrior and an orc wizard.

Vanquished Creatures
  A fire bat (D)
  An ice beast (D)
  2 adders (D)
  An ooze (D)
  A bat skeleton (D)
  A hobgoblin (D)
  A quokka (D)
  A bat (D)
  2 kobolds (D)
11 creatures vanquished.

Notes
Turn   | Place    | Note
-------+----------+-------------------------------------------
     0 | D        | potatolord6000 the Deep Elf Ice Elementalist began the quest for the Orb.
     0 | D        | Reached XP level 1. HP: 10/10 MP: 6/6
    66 | D        | Found a bloodstained altar of Trog.
    66 | D        | Found a deep blue altar of Sif Muna.
    66 | D        | Found a viscous altar of Jiyva.
    66 | D        | Found a hazy altar of Hepliaklqana.
    66 | D        | Found an opulent altar of Gozag.
    67 | D        | Found a glowing golden altar of the Shining One.
    67 | D        | Found a glowing silver altar of Zin.
    67 | D        | Found a basalt altar of Yredelemnul.
    67 | D        | Found a shimmering altar of Xom.
    67 | D        | Found a sacrificial altar of Ru.
    67 | D        | Found a stormy altar of Qazlal.
    67 | D        | Found an iron altar of Okawaru.
    67 | D        | Found a sparkling altar of Nemelex Xobeh.
    67 | D        | Found a burning altar of Makhleb.
    67 | D        | Found a blossoming altar of Fedhas.
    67 | D        | Found a white marble altar of Elyvilon.
    67 | D        | Found a shadowy altar of Dithmenos.
    67 | D        | Found a snail-covered altar of Cheibriados.
    69 | D        | Found a radiant altar of Vehumet.
    69 | D        | Found a corrupted altar of Lugonu.
    69 | D        | Found a roughly hewn altar of Beogh.
    71 | D        | Found an ancient bone altar of Kikubaaqudgha.
    71 | D        | Found a hide-covered altar of Uskayaw.
    71 | D        | Found a shattered altar of Ashenzari.
    93 | D        | Became a worshipper of Sif Muna the Loreminder
   175 | D        | Reached * piety under Sif Muna
   175 | D        | Reached skill level 1 in Staves
   175 | D        | Reached XP level 2. HP: 5/16 MP: 3/9
   394 | D        | Noticed an ice beast
   409 | D        | Reached skill level 1 in Fighting
   421 | D        | Killed an ice beast
   421 | D        | Reached skill level 5 in Dodging
   421 | D        | Reached skill level 5 in Stealth
   421 | D        | Reached skill level 5 in Ice Magic
   421 | D        | Reached XP level 3. HP: 22/22 MP: 4/12
   421 | D        | Reached XP level 4. HP: 27/27 MP: 4/14
   493 | D        | Noticed an orc warrior
   496 | D        | Noticed a fire bat
   497 | D        | Noticed Jessica
   500 | D        | Killed a fire bat
   500 | D        | Reached ** piety under Sif Muna
   500 | D        | Reached XP level 5. HP: 10/33 MP: 12/16
   521 | D        | Hit by a poisoned tomahawk thrown by an orc warrior

Skill      XL: |  1  2  3  4 |
---------------+-------------+-----
Dodging        | 3 5 6 |  6.6
Stealth        | 3 5 7 |  7.2
Ice Magic      | 4 5 6 |  6.5
Staves         | 1 3 4 |  4.7
Spellcasting   | 4 6 7 |  7.3
Fighting       | 2 3 |  3.7
Conjurations   | |  1.1

Action                   |  1- 3 |  4- 6 || total
-------------------------+-------+-------++-------
Melee: Unarmed           |    12 |       ||    12
       Staff             |     6 |     1 ||     7
 Cast: Freeze            |    15 |     5 ||    20
  Use: Potion            |     4 |     2 ||     6
 Stab: Invisible         |     1 |     1 ||     2
Armor: Robe              |    14 |       ||    14
Dodge: Dodged            |    24 |    10 ||    34
